 Dungeon Crawl Stone Soup version 0.28.0-53-g5a82cb258f (webtiles) character file.

Game seed: 3142542378942411485

46 Stomo the Skirmisher (level 3, 0/29 HPs)
             Began as a Demonspawn Fighter on July 2, 2022.
             Slain by an adder (2 damage)
             ... on level 2 of the Dungeon.
             The game lasted 00:01:30 (1560 turns).

Stomo the Skirmisher (Demonspawn Fighter)           Turns: 1560, Time: 00:01:31

Health: 0/29       AC:  3    Str: 18    XL:     3   Next: 44%
Magic:  3/3        EV: 10    Int:  9    God:
Gold:   36         SH:  0    Dex: 14    Spells: 2/2 levels left

rFire   . . .      SeeInvis .   a - +0 flail
rCold   . . .      Faith    .   (no shield)
rNeg    . . .      Spirit   .   b - +0 scale mail
rPois   .          Reflect  .   (no helmet)
rElec   .          Harm     .   (no cloak)
rCorr   .          Rampage  .   (no gloves)
Will    .....                   (no boots)
Stlth   +.........              (no amulet)
HPRegen 0.09/turn               (no ring)
MPRegen 0.08/turn               (no ring)

@: mighty, flying
A: thin skeletal structure 1, foul stench 1, talons 1, deformed body, evolution
1
a: no special abilities


You were on level 2 of the Dungeon.
You visited 1 branch of the dungeon, and saw 2 of its levels.

You collected 36 gold pieces.

Inventory:

Hand Weapons
 a - a +0 flail (weapon)
Armour
 b - a +0 scale mail (worn)
 c - a +0 buckler
Jewellery
 f - a ring of protection from cold
 j - a ring of willpower
Scrolls
 e - a scroll of amnesia {unknown}


   Skills:
 + Level 3.4 Fighting
 + Level 2.3 Maces & Flails
 + Level 3.1 Armour
 + Level 1.2 Dodging
 - Level 2.6 Shields


You had 2 spell levels left.
You didn't know any spells.
Your spell library was empty.

Dungeon Overview and Level Annotations

Branches:
Dungeon (2/15)

Altars:


Innate Abilities, Weirdness & Mutations

You have a somewhat thin skeletal structure. (Dex +2, Stealth+)
You may rarely emit foul miasma when damaged in melee.
You have sharp toenails.
Armour fits poorly on your strangely shaped body.
You have hidden genetic potential.


Message History

You closely miss the adder.
The adder is severely wounded.
The adder barely misses you. x2
You closely miss the adder.
The adder is severely wounded.
The adder bites you but does no damage.
You closely miss the adder.
The adder is severely wounded.
The adder bites you. x2
You are poisoned.
The adder poisons you!
You closely miss the adder.
The adder is severely wounded.
You feel sick. The adder bites you but does no damage.
The adder barely misses you.
You closely miss the adder.
The adder is severely wounded.
You feel sick. The adder bites you but does no damage.
You closely miss the adder.
The adder is severely wounded.
You feel sick. The adder barely misses you.
The adder bites you but does no damage.
You barely miss the adder.
The adder is severely wounded.
You feel sick.
You are no longer poisoned.
The adder barely misses you. The adder bites you.
* * * LOW HITPOINT WARNING * * *
Unknown command.
It was a potion of mutation.
You feel extremely strange.
Your toenails lengthen and sharpen.
You feel a hidden potential growing inside you.
Your body twists and deforms.
The adder bites you but does no damage.
Unknown command.
Okay, then.
It was a potion of flight.
You feel very buoyant.
You fly up into the air.
The adder bites you.
You die...

### ##.## # # ##...##
....#.#.....#####
#......S......#
......###S#####. ###.# #@#
#.# # #.# #.# ##'## #.###
##)..## #...# ##.....##
####.#.# ##......>##
##.##....
...####..[......####...#..#.
......'.........'...........
...####.........####...#..#.


You could see 2 adders.

Vanquished Creatures
  A gnoll (D:1)
  2 dart slugs
  A bat (D:1)
  An endoplasm (D:1)
  3 giant cockroaches
  3 goblins
  3 hobgoblins (D:1)
  4 jackals (D:1)
  3 kobolds
  2 quokkas
  2 ball pythons (D:1)
  A frilled lizard (D:2)
  2 rats (D:1)
28 creatures vanquished.

Notes
Turn   | Place    | Note
-------+----------+-------------------------------------------
     0 | D:1      | Stomo the Demonspawn Fighter began the quest for the Orb.
     0 | D:1      | Reached XP level 1. HP: 18/18 MP: 1/1
   109 | D:1      | Gained mutation: You have a somewhat thin skeletal
                  | structure. (Dex +2, Stealth+) [demonic ancestry]
   109 | D:1      | Reached XP level 2. HP: 19/24 MP: 2/2
   613 | D:1      | Reached skill level 1 in Dodging
   613 | D:1      | Gained mutation: You may rarely emit foul miasma when
                  | damaged in melee. [demonic ancestry]
   613 | D:1      | Reached XP level 3. HP: 4/29 MP: 3/3
  1559 | D:2      | Gained mutation: You have sharp toenails. [potion of
                  | mutation]
  1559 | D:2      | Gained mutation: You have hidden genetic potential. [potion
                  | of mutation]
  1559 | D:2      | Gained mutation: Armour fits poorly on your strangely
                  | shaped body. [potion of mutation]
  1560 | D:2      | Slain by an adder

Illustrated notes

Levels and vault maps discovered:
D:1:      lightli_arrival_statue_moat, layout_loops_ring, serial_park_tiny_1
D:2:      layout_loops_corners, minmay_hexomino_f4, uniq_crazy_yiuf_cottage

Skill      XL: |  1  2 |
---------------+-------+-----
Maces & Flails | 2 |  2.3
Armour         | 3 |  3.1
Dodging        | 1 |  1.2
Fighting       | |  3.4
Shields        | |  2.6

Action                   || total
-------------------------++-------
Melee: Flail             ||   106
       Punch             ||     1
  Use: Potion            ||     4
       Scroll            ||     3
 Stab: Sleeping          ||     1
Armor: Scale mail        ||    53
Dodge: Dodged            ||    91
Block: Buckler           ||     2
